 Seeded DCSS version 0.31-a0-544-gceb718ecc6 (webtiles) character file.

Game seed: 3826825538972431165 (custom seed)

13840 innerfire43 the Spear-Bearer (level 11, -8/89 HPs)
             Began as a Demonspawn Monk on Aug 15, 2023.
             Was a High Priest of Qazlal.
             Mangled by Urug
             ... wielding a +2 demon trident of electrocution
              (26 damage)
             ... on level 2 of the Orcish Mines.
             The game lasted 00:18:59 (9547 turns).

innerfire43 the Spear-Bearer (Demonspawn Monk)      Turns: 9547, Time: 00:19:00

Health: -8/89      AC: 30    Str: 22    XL:     11   Next: 80%
Magic:  12/12      EV:  9    Int: 12    God:    Qazlal [*****.]
Gold:   1050       SH:  0    Dex: 15    Spells: 10/10 levels left

rFire   . . .        e - +7 spear "Qola Rao" {drain, rElec}
rCold   + + .        S - +2 buckler
rNeg    . . .        b - +3 plate armour {rC+}
rPois   .            s - +0 helmet
rElec   +            P - +1 cloak
rCorr   .            T - +0 pair of gloves
SInv    .            (no boots)
Will    .....        (no amulet) Stlth
                     q - ring of protection from cold
HPRegen 0.34/turn    I - +6 ring of strength
MPRegen 0.26/turn

%: repel missiles
@: confused, protected from physical damage
A: hooves 2, molten scales 1, icemail 1, magic regeneration, condensation shield
a: Renounce Religion, Upheaval, Elemental Force, Disaster Area


You were on level 2 of the Orcish Mines.
You worshipped Qazlal.
Qazlal was extremely pleased with you.
You visited 2 branches of the dungeon, and saw 12 of its levels.
You also visited: Ossuary and Bailey.

You collected 1050 gold pieces.

Inventory:

Hand Weapons
 a - a +0 spear of protection
 e - the +7 spear "Qola Rao" (weapon) {drain, rElec}
   (You acquired it on level 1 of the Dungeon)

   rElec:     It insulates you from electricity.
 t - a +0 club
 J - the +5 spear of Immorality {flame, *Noise rF++ Int+4}
   (You took it off a gnoll on level 5 of the Dungeon)

   Int+4:     It affects your intelligence (+4).
   rF++:      It greatly protects you from fire.
   *Noise:    It may make a loud noise when swung.
Missiles
 N - a throwing net
Armour
 b - a +3 plate armour of cold resistance (worn)
 d - an orb of light
 s - a +0 helmet (worn)
 P - a +1 cloak (worn)
 S - a +2 buckler (worn)
 T - a +0 pair of gloves (worn)
Jewellery
 q - a ring of protection from cold (left hand)
 v - a ring of see invisible
 H - a ring of protection from fire
 I - a +6 ring of strength (right hand)
 Q - a ring of willpower
Talismans
 r - a granite talisman
Wands
 c - a wand of polymorph (21)
 O - a wand of charming (10)
Scrolls
 f - a scroll of vulnerability
 h - 2 scrolls of brand weapon
 k - 8 scrolls of noise
 o - a scroll of fog
 y - 2 scrolls of enchant weapon {unknown}
 A - 2 scrolls of blinking
 B - a scroll of fear {unknown}
 C - 6 scrolls of teleportation
 G - 3 scrolls of poison {unknown}
 K - a scroll of immolation
 R - a scroll of revelation
Potions
 g - a potion of heal wounds {unknown}
 i - 3 potions of mutation {unknown}
 j - a potion of resistance
 l - 3 potions of enlightenment
 m - 2 potions of curing
 n - 4 potions of cancellation
 p - 6 potions of brilliance
 u - 2 potions of invisibility
 w - 2 potions of might
 x - a potion of magic
 z - a potion of haste
 E - 3 potions of attraction
Miscellaneous
 D - a box of beasts


   Skills:
 - Level 9.0 Fighting
 + Level 10.7 Polearms
 + Level 7.6 Armour
 - Level 7.6 Dodging
 * Level 5.6 Shields
 + Level 2.4 Invocations


You had 10 spell levels left.
You didn't know any spells.
Your spell library contained the following spells:

 Spells                   Type           Power      Damage    Failure   Level
 Necrotise                Necr           0%         1d4       100%        1
 Wereblood                Tmut           0%         N/A       100%        2
 Vampiric Draining        Necr           0%         2d6       100%        3
 Agony                    Necr           0%         N/A       100%        5
 Irradiate                Conj/Tmut      0%         3d11      100%        5


Dungeon Overview and Level Annotations

Branches:
Dungeon (10/15)            Temple (0/1) D:4            Lair (0/5) D:10
    Orc (2/2) D:10        Ossuary (visited)          Bailey (visited)
    Elf: Orc:2

Altars:
Cheibriados
Dithmenos
Hepliaklqana
Makhleb
Okawaru
Qazlal
Trog
Xom
Yredelemnul

Shops:
D:8 *   D:10 :   Orc:1 [

Annotations:
Orc:2 Urug


Innate Abilities, Weirdness & Mutations

You have hoof-like feet.
You are partially covered in molten scales. (AC +2)
A meltable icy envelope protects you from harm. (AC +4)
You regenerate magic rapidly.
A meltable shield of frost defends you. (SH +4)


Message History

The orc knight hits you with a +2 war axe!
You feel protected from physical attacks.
You hit the warg. You drain the warg. Your kick misses the warg.
The warg is almost dead.
The warg bites you but does no damage.
Unknown command.
You puncture the warg!
You kill the warg!
Qazlal accepts your kill.
An orc warrior comes into view. It is wielding a +0 scimitar.
You block the orc's attack.
The orc warrior is engulfed in blazing flames.
You kill the orc warrior!
Qazlal accepts your kill.
Urug hits you from afar with a +2 demon trident of electrocution!!
The orc warrior is engulfed in blazing flames.
The orc warrior hits you with a +0 battleaxe!!
* * * LOW HITPOINT WARNING * * *
The orc knight roars a battlecry!
The orcs go into a battle-frenzy!
You hit the orc warrior. You drain the orc warrior.
The orc warrior is moderately wounded.
An orc wizard comes into view. It is wielding a +0 dagger.
The orc closely misses you. You block Urug's attack.
The orc warrior is engulfed in blazing flames.
You block the orc warrior's attack.
The orc knight roars a battlecry!
The orc wizard goes into a battle-frenzy!
You closely miss the orc warrior.
The orc warrior is almost dead.
Unknown command.
You puncture the orc warrior!
You kill the orc warrior!
Qazlal accepts your kill.
The orc no longer looks unusually strong.
The orc wizard casts a spell at you.
You are confused.
The orc hits you but does no damage. The orc barely misses you.
Urug hits you from afar with a +2 demon trident of electrocution!!
You die...

................
#..............
#..........#
##...o.....###.
##..oO..<.......
##............... .
##○§oo............
P..o#○.°°#..#.........
..oooo.@o)..#.........
.#^.#°#oo....#........
............<......
#...$...#............
#....###............
##... ............
#... ........... ##.
............
##.#.#...#.


You could see an orc knight, Urug (strong), 4 orc warriors, an ogre, 2 orc
wizards and 4 orcs.

Vanquished Creatures
  4 two-headed ogres
  An orc high priest (Orc:2)
  Pikel (D:4)
  A deep elf pyromancer (Bailey)
  An orc knight (Bailey)
  A cyclops (D:7)
  Maggie (D:9)
  2 unseen horrors (D:10)
  2 kobold demonologists
  A troll (D:10)
  Grinder (D:4)
  Sigmund (D:5)
  A shadow (D:9)
  A wyvern (D:10)
  Eustachio (D:4)
  A steam dragon (D:8)
  5 wargs
  2 water moccasins
  Duvessa (D:4)
  4 ice beasts
  18 orc warriors
  8 ogres
  2 centaurs
  A phantom (D:5)
  A lemure (D:4)
  3 kobold brigands
  Blork the orc (D:5)
  2 bullfrogs
  2 gnoll sergeants (D:7)
  2 scorpions
  7 wights
  Dowan (D:4)
  7 howler monkeys
  A crimson imp (D:6)
  10 hounds
  2 human zombies (Ossuary)
  2 jellies (D:4)
  6 orc priests
  Crazy Yiuf (D:7)
  A gnoll bouda (D:7)
  5 iguanas
  A sleepcap (D:8)
  Jessica (D:2)
  12 orc wizards
  6 mummies
  Robin (D:2)
  7 adders
  22 gnolls
  A shadow imp (D:6)
  2 white imps (D:6)
  3 ufetubi
  A worm (D:3)
  2 dart slugs
  45 orcs
  4 bats
  9 endoplasms
  5 giant cockroaches
  20 goblins
  9 hobgoblins
  2 jackals (D:2)
  6 kobolds
  2 quokkas
  6 ball pythons
  4 frilled lizards
  A goblin zombie (Ossuary)
  3 kobold zombies (Ossuary)
  2 orc zombies (Ossuary)
  6 rats
299 creatures vanquished.

Notes
Turn   | Place    | Note
-------+----------+-------------------------------------------
     0 | D:1      | innerfire43 the Demonspawn Monk began the quest for the
                  | Orb.
     0 | D:1      | Reached XP level 1. HP: 18/18 MP: 1/1
   141 | D:1      | Gained mutation: A meltable shield of frost defends you.
                  | (SH +4) [demonic ancestry]
   141 | D:1      | Reached XP level 2. HP: 17/24 MP: 2/2
   422 | D:1      | Reached skill level 3 in Polearms
   694 | D:1      | Identified a scroll of acquirement
   694 | D:1      | Acquired the +7 spear "Qola Rao" {drain, rElec}
   722 | D:2      | Noticed Jessica
   726 | D:2      | Killed Jessica
   727 | D:2      | Gained mutation: You are partially covered in molten
                  | scales. (AC +2) [demonic ancestry]
   727 | D:2      | Reached XP level 3. HP: 28/29 MP: 3/3
   885 | D:2      | Reached XP level 4. HP: 37/37 MP: 4/4
  1000 | D:2      | Noticed Robin
  1030 | D:2      | Killed Robin
  1031 | D:2      | Reached skill level 1 in Armour
  1460 | D:3      | Gained mutation: A meltable icy envelope protects you from
                  | harm. (AC +4) [demonic ancestry]
  1460 | D:3      | Reached XP level 5. HP: 37/42 MP: 5/5
  1517 | D:3      | Reached skill level 4 in Polearms
  1911 | D:4      | Noticed Grinder
  1918 | D:4      | Noticed a centaur
  1920 | D:4      | Killed Grinder
  1921 | D:4      | Gained mutation: You have large cloven feet. [demonic
                  | ancestry]
  1921 | D:4      | Reached XP level 6. HP: 15/49 MP: 6/6
  2144 | D:4      | Found a sand-covered staircase.
  2154 | Ossuary  | Entered an ossuary
  2194 | Ossuary  | Reached XP level 7. HP: 40/55 MP: 7/7
  2260 | Ossuary  | Reached skill level 5 in Polearms
  2503 | D:4      | Found a stormy altar of Qazlal.
  2593 | D:4      | Became a worshipper of Qazlal Stormbringer
  2593 | D:4      | Reached * piety under Qazlal
  2593 | D:4      | Reached ** piety under Qazlal
  2624 | D:4      | Found a staircase to the Ecumenical Temple.
  2679 | D:4      | Noticed Pikel
  2679 | D:4      | Noticed Eustachio
  2697 | D:4      | Killed Pikel
  2698 | D:4      | Reached skill level 5 in Fighting
  2698 | D:4      | Reached skill level 6 in Polearms
  2698 | D:4      | Gained mutation: You regenerate magic rapidly. [demonic
                  | ancestry]
  2698 | D:4      | Reached XP level 8. HP: 44/62 MP: 8/8
  2739 | D:4      | Killed Eustachio
  2740 | D:4      | Reached skill level 5 in Dodging
  2895 | D:4      | Noticed Dowan
  2896 | D:4      | Noticed Duvessa
  2904 | D:4      | Killed Dowan
  2910 | D:4      | Killed Duvessa
  3124 | D:4      | Reached skill level 7 in Polearms
  3228 | D:4      | Found a hazy altar of Hepliaklqana.
  3585 | D:5      | Entered Level 5 of the Dungeon
  3717 | D:5      | Noticed Sigmund
  3724 | D:5      | Killed Sigmund
  3725 | D:5      | Reached XP level 9. HP: 53/69 MP: 9/9
  3799 | D:5      | Identified the +5 spear of Immorality {flame, *Noise rF++
                  | Int+4}
  4234 | D:5      | Noticed Blork the orc
  4241 | D:5      | Killed Blork the orc
  4587 | D:6      | Found a burning altar of Makhleb.
  4587 | D:6      | Found a shimmering altar of Xom.
  4940 | D:6      | Reached *** piety under Qazlal
  5039 | D:6      | Found a shadowy altar of Dithmenos.
  5170 | D:7      | Reached skill level 8 in Polearms
  5189 | D:7      | Reached skill level 5 in Armour
  5379 | D:7      | Noticed a cyclops
  5401 | D:7      | Killed a cyclops
  5553 | D:7      | Reached XP level 10. HP: 37/79 MP: 10/10
  5609 | D:7      | Reached **** piety under Qazlal
  5645 | D:7      | Reached skill level 9 in Polearms
  6433 | D:7      | Identified the +1 helmet "Jiabbor" {rPois rN+ Stlth+}
  6460 | D:7      | Found a runed translucent door.
  6461 | D:7      | Noticed Crazy Yiuf
  6469 | D:7      | Killed Crazy Yiuf
  6472 | D:7      | Identified the +1 hammer of Stopping Peril {freeze, Int+3}
  6812 | D:8      | Found Fefestut's Fabulous Fripperies.
  7368 | D:9      | Reached skill level 10 in Polearms
  7375 | D:9      | Found a flagged portal.
  7413 | D:9      | Reached skill level 1 in Shields
  7438 | Bailey   | Entered a bailey
  7553 | Bailey   | Noticed an orc knight
  7599 | Bailey   | Killed an orc knight
  7606 | Bailey   | Gained mutation: You have hoof-like feet. [demonic
                  | ancestry]
  7606 | Bailey   | Reached XP level 11. HP: 29/86 MP: 11/11
  7614 | Bailey   | Reached ***** piety under Qazlal
  7913 | Bailey   | Found a large runed translucent door.
  7913 | Bailey   | Found a large runed translucent door.
  7914 | Bailey   | Noticed a deep elf pyromancer
  7976 | Bailey   | Killed a deep elf pyromancer
  8201 | D:9      | Noticed Maggie
  8203 | D:9      | Noticed a two-headed ogre
  8213 | D:9      | Killed Maggie
  8219 | D:9      | Killed a two-headed ogre
  8525 | D:10     | Entered Level 10 of the Dungeon
  8542 | D:10     | Noticed a two-headed ogre
  8548 | D:10     | Killed a two-headed ogre
  8680 | D:10     | Found Baerimp's Vocational Training.
  8712 | D:10     | Found a staircase to the Lair.
  8714 | D:10     | Noticed a sun demon
  8863 | D:10     | Noticed a two-headed ogre
  8875 | D:10     | Killed a two-headed ogre
  8887 | D:10     | Found an iron altar of Okawaru.
  9119 | D:10     | Identified the +3 war axe of the Ship {flame, rPois Dex+3}
  9127 | D:10     | Found a staircase to the Orcish Mines.
  9177 | D:10     | Found a snail-covered altar of Cheibriados.
  9177 | D:10     | Found a basalt altar of Yredelemnul.
  9243 | Orc:1    | Entered Level 1 of the Orcish Mines
  9243 | Orc:1    | Noticed a two-headed ogre
  9252 | Orc:1    | Killed a two-headed ogre
  9253 | Orc:1    | Reached skill level 5 in Shields
  9253 | Orc:1    | Reached skill level 1 in Invocations
  9350 | Orc:1    | Found Viamuo's Antique Armour Emporium.
  9378 | Orc:1    | Noticed an ettin
  9461 | Orc:1    | Found a bloodstained altar of Trog.
  9461 | Orc:1    | Found the +8 Wrath of Trog {antimagic, *Rage Rampage}
  9512 | Orc:2    | Entered Level 2 of the Orcish Mines
  9517 | Orc:2    | Noticed an orc high priest
  9522 | Orc:2    | Noticed an orc knight
  9523 | Orc:2    | Noticed a sixfirhy
  9535 | Orc:2    | Killed an orc high priest
  9537 | Orc:2    | Noticed Urug
  9547 | Orc:2    | Mangled by Urug

Illustrated notes

Levels and vault maps discovered:
D:1:      roderic_crop_circles_arrival_large, layout_basic
D:2:      layout_basic, minmay_distorted, uniq_robin, uniq_jessica
D:3:      layout_basic, minivault_24, minmay_box_of_dots
D:4:      layout_rooms, nicolae_qazlal_eye_of_the_storm,
          mainiacjoe_overflow_chevrons, minmay_temple_entry_statues_fountains,
          gup_ossuary_entry_pyramid, nicolae_elevator_lobby_asterisk,
          uniq_grinder, uniq_eustachio, uniq_pikel, uniq_duvessa
D:5:      layout_cave_pods, uniq_blork_the_orc, uniq_sigmund
D:6:      layout_gridville, grunt_temple_overflow_champion_of_chaos,
          mainiacjoe_overflow_large_starburst, nicolae_kite_square_tiling_tiny,
          minmay_statues_item, grunt_decor_fettered
D:7:      lemuel_castle_with_subvaults [lemuel_castle_interior_carwin_3],
          layout_loops_ring, minmay_splitting_lines, uniq_crazy_yiuf_cottage
D:8:      layout_rooms, nicolae_alphabet_shops
D:9:      layout_rooms, enter_bailey_3, kennysheep_decorative_pillar,
          uniq_maggie
D:10:     layout_cave_pools, mainiacjoe_overflow_catwalk,
          gammafunk_temple_overflow_wave, erik_lair_orcish_takeover,
          orc_0_dummy, nicolae_shop_vocational
Orc:1:    emtedronai_trogs_sanctum, layout_diamond_mine, serial_shops,
          nicolae_shop_trees, uniq_erolcha
Orc:2:    grunt_orc_gardens, layout_caves, grunt_orc_garden, grunt_orc_garden,
          grunt_orc_garden, grunt_orc_garden, gammafunk_ghost_abyssal_escape,
          enter_volcano_2, basic_altar, uniq_sonja, uniq_urug

Skill      XL: |  1  2  3  4  5  6  7  8  9 10 11 |
---------------+----------------------------------+-----
Dodging        | 3 4 5 6 7 |  7.6
Polearms       | 3 4 6 7 8 10 | 10.7
Armour         | 1 2 3 4 5 6 7 |  7.6
Fighting       | 4 5 6 7 8 9 |  9.0
Shields        | 2 5 |  5.6
Invocations    | 2 |  2.4

Action                     |  1- 3 |  4- 6 |  7- 9 | 10-12 || total
---------------------------+-------+-------+-------+-------++-------
  Melee: Spear             |    73 |   108 |   293 |   425 ||   899
         Kick              |       |     7 |    78 |    78 ||   163
         Unarmed           |       |       |    22 |       ||    22
    Use: Scroll            |     1 |       |     3 |    15 ||    19
         Potion            |       |       |     1 |     7 ||     8
   Stab: Sleeping          |       |     1 |       |       ||     1
 Armour: Robe              |     6 |    20 |    25 |       ||    51
         Skin              |       |       |     9 |    10 ||    19
         Ring mail         |       |       |    31 |    35 ||    66
         Plate armour      |       |       |       |    69 ||    69
  Dodge: Dodged            |    25 |    34 |   184 |   112 ||   355
  Block: Orb               |     3 |    13 |    57 |    32 ||   105
         Other             |       |       |    24 |       ||    24
         Buckler           |       |       |       |   171 ||   171

Table legend: (Time is in decaauts)
 A = Elapsed time spent in this place.
 B = Non-inter-level travel time spent in this place.
 C = Inter-level travel time spent in this place.
 D = Time resting spent in this place.
 E = Time spent auto-exploring this place.
 F = Levels seen in this place.
 G = Mean time per level.
                   A        B        C        D        E       F      G
               +--------+--------+--------+--------+--------+-----+--------+
         Total |   9309 |   8656 |    653 |      0 |   6741 |  14 |  664.9 |
       Dungeon |   8108 |   7518 |    590 |      0 |   5980 |  10 |  810.8 |
  Orcish Mines |    287 |    224 |     63 |      0 |    157 |   2 |  143.5 |
       Ossuary |    321 |    321 |      0 |      0 |    208 |   1 |  321.0 |
        Bailey |    592 |    592 |      0 |      0 |    395 |   1 |  592.0 |
               +--------+--------+--------+--------+--------+-----+--------+

Top non-repeatable levels by time:
     D:7: 1493 daAuts
     D:4: 1174 daAuts
     D:5: 860 daAuts
     D:1: 718 daAuts
     D:3: 687 daAuts
    D:10: 686 daAuts
     D:6: 685 daAuts
     D:2: 636 daAuts
     D:8: 597 daAuts
  Bailey: 592 daAuts
     D:9: 567 daAuts
 Ossuary: 321 daAuts
   Orc:1: 262 daAuts
   Orc:2: 24 daAuts
